 Dungeon Crawl Stone Soup version 0.22.0-25-g7663229 (webtiles) character file.

1770 Larett the Cleaver (level 8, -2/75 HPs)
             Began as a Minotaur Berserker on Aug 20, 2018.
             Was an Elder of Trog.
             Slain by an orc warrior
             ... wielding a +0 trident of flaming
              (20 damage)
             ... on level 6 of the Dungeon.
             The game lasted 00:15:24 (5411 turns).

Larett the Cleaver (Minotaur Berserker)             Turns: 5411, Time: 00:15:25

Health: -2/75      AC:  4    Str: 22    XL:     8   Next: 80%
Magic:  7/7        EV: 12    Int:  4    God:    Trog [****..]
Gold:   291        SH:  0    Dex: 12    Spells: 7/7 levels left

rFire    + . .     SeeInvis .   a - +0 war axe
rCold    . . .     Gourm    .   (no shield)
rNeg     + . .     Faith    .   y - +1 leather armour {rF+}
rPois    .         Spirit   .   (helmet restricted)
rElec    .         Reflect  .   J - scarf {cloud immunity}
rCorr    +         Harm     .   (no gloves)
MR       ++...                  (no boots)
Stlth    +.........             (no amulet)
HPRegen  1.22/turn              l - ring of positive energy
MPRegen  0.10/turn              g - ring of resist corrosion

@: berserk cooldown, regenerating, slowed, very slow
A: retaliatory headbutt, horns 2
a: Berserk, Trog's Hand, Brothers in Arms, Renounce Religion


You were on level 6 of the Dungeon.
You worshipped Trog.
Trog was greatly pleased with you.
You were hungry.

You visited 2 branches of the dungeon, and saw 7 of its levels.

You collected 389 gold pieces.
You spent 98 gold pieces at shops.

Inventory:

Hand Weapons
 a - a +0 war axe (weapon)
 v - a +1 short sword of holy wrath
 A - a +1 long sword of freezing
 E - a +1 dagger of speed
 X - a +0 hand axe
Missiles
 d - 110 arrows
 h - 120 stones
 j - 14 poisoned needles
 k - 54 sling bullets
 m - 2 javelins
 n - 23 bolts
 T - 15 tomahawks (quivered)
 Z - a throwing net {!f}
Armour
 y - a +1 leather armour of fire resistance (worn)
 J - a scarf of cloud immunity (worn)
Jewellery
 g - a ring of resist corrosion (right hand)
 l - a ring of positive energy (left hand)
 B - an uncursed ring of fire
Wands
 D - a wand of digging (13)
 P - a wand of polymorph (16)
Scrolls
 o - 2 scrolls of enchant armour
 w - a scroll of random uselessness {unknown}
 z - a scroll of fear {unknown}
 C - a scroll of enchant weapon {unknown}
 F - a scroll of holy word {unknown}
 H - a scroll of remove curse
 K - a scroll of teleportation {unknown}
 M - a scroll of magic mapping {!r}
 O - a scroll of immolation {unknown}
 R - a scroll of identify
Potions
 t - a potion of agility {unknown}
 G - a potion of brilliance {unknown}
 I - a potion of haste {unknown}
 L - a potion of ambrosia {unknown}
 N - 2 potions of flight {unknown}
 Q - 4 potions of curing
 S - 2 potions of heal wounds
 U - a potion of berserk rage
 V - a potion of lignification {!q}
 W - a potion of degeneration {unknown}
 Y - a potion of magic
Comestibles
 c - 8 rations
 x - 4 chunks of flesh


   Skills:
 + Level 8.7 Fighting
 * Level 11.4 Axes
 - Level 2.4 Armour
 - Level 2.1 Dodging


You had 7 spell levels left.
You didn't know any spells.
Your spell library contained the following spells:

 Spells                   Type           Power        Failure   Level  Hunger
 Sandblast                Erth           #.....       54%         1    ##.....
 Passwall                 Tmut/Erth      #.......     69%         2    ###....
 Stone Arrow              Conj/Erth      #.....       89%         3    ####...
 Petrify                  Tmut/Erth      #.......     100%        4    #####..
 Lee's Rapid Deconstruct  Erth           #.........   100%        5    ######.


Dungeon Overview and Level Annotations

Branches:
Dungeon (6/15)             Temple (1/1) D:5

Altars:
Fedhas
Makhleb
Ru
Trog
Zin

Shops:
D:6 *(


Innate Abilities, Weirdness & Mutations

You reflexively headbutt those who attack you in melee.
You have a pair of horns on your head.


Message History

Trog accepts your kill.
You closely miss the orc wizard. The orc wizard closely misses you.
The orc warrior hits you from afar with a trident of flaming.
The orc warrior burns you.
You hit the orc wizard.
The orc wizard is lightly wounded.
The orc wizard hits you with a dagger.
The orc warrior hits you from afar with a trident of flaming.
* * * LOW HITPOINT WARNING * * *
The orc warrior burns you.
* * * LOW HITPOINT WARNING * * *
The orc wizard hits you with a dagger.
* * * LOW HITPOINT WARNING * * *
You hit the orc wizard.
The orc wizard is moderately wounded.
The orc warrior closely misses you.
The crimson imp grins evilly.
The orc wizard hits you but does no damage.
The orc warrior hits you from afar with a trident of flaming!!
You die...

#.##*,**,,**,,**,,,*,* **
#..#*,**,,**,,*#.,,******, ##
####*,,,**,,**..#*,****,*,
.##### #.,,**,,*#..**,**,,,*,
.....# #.#*,,**..#*,,,',,,,,,
[#.#.# #.##,,##5.**,,,**,,,*,
.##..# #...**..#*,,**,****,*,
##.#.# #...##)o#*,,**,******,
#.##.# #.##o@#*,,**,,,*,* **
.###.# #.##))#*,,**,,,*,*
.###.#######...###*******,***
..........#....##### *,*****
##.#####.##'#####..# *,,,.,*
#.# #.##.#..##..#* ****#.#
#.# #.##รท#..#.##.#####
##'### #.#
#.##.....####....####....#
#.#
#..#......##......##......


You could see an orc warrior, an orc wizard and a crimson imp.

Vanquished Creatures
  Grinder (D:3)
  2 orc warriors (D:6)
  A sky beast (D:6)
  A black bear (D:6)
  2 ogres (D:6)
  A centaur (D:6)
  A scorpion (D:4)
  A crimson imp (D:6)
  2 bullfrog skeletons
  4 hounds
  A jelly (D:6)
  5 orc priests
  Jessica (D:2)
  Ijyb (D:4)
  2 iguanas (D:6)
  2 orc wizards
  Natasha (thrice) (D:2)
  2 worker ants
  2 hound skeletons
  3 gnolls (D:4)
  4 adders
  A shadow imp (D:5)
  2 oozes (D:6)
  4 worms
  A dart slug (D:3)
  5 leopard geckos
  26 orcs
  2 ball pythons (D:3)
  2 giant cockroaches
  3 goblins
  9 hobgoblins
  9 jackals
  10 kobolds
  2 quokkas
  A ball python skeleton (D:4)
  A ball python zombie (D:5)
  4 bats
  4 frilled lizards
  A jackal skeleton (D:6)
  2 leopard gecko skeletons (D:4)
  A quokka skeleton (D:6)
  A quokka zombie (D:5)
  8 rats
141 creatures vanquished.

Notes
Turn   | Place    | Note
-------+----------+-------------------------------------------
     0 | D:1      | Larett the Minotaur Berserker began the quest for the Orb.
     0 | D:1      | Reached XP level 1. HP: 19/19 MP: 0/0
   136 | D:1      | Reached skill level 4 in Axes
   141 | D:1      | Reached XP level 2. HP: 27/27 MP: 1/1
   617 | D:2      | Found a blossoming altar of Fedhas.
   646 | D:2      | Reached XP level 3. HP: 33/33 MP: 2/2
   670 | D:2      | Found a burning altar of Makhleb.
   675 | D:2      | Found a sacrificial altar of Ru.
   767 | D:2      | Reached ** piety under Trog
   783 | D:2      | Reached skill level 5 in Axes
   783 | D:2      | Noticed Natasha
   791 | D:2      | Killed Natasha
   791 | D:2      | Reached XP level 4. HP: 22/41 MP: 3/3
  1190 | D:2      | Noticed Natasha
  1199 | D:2      | Killed Natasha
  1238 | D:2      | Noticed Jessica
  1243 | D:2      | Killed Jessica
  1243 | D:2      | Reached skill level 6 in Axes
  1474 | D:3      | Noticed Grinder
  1475 | D:3      | Paralysed by Grinder for 3 turns
  1497 | D:3      | Reached XP level 5. HP: 47/47 MP: 4/4
  1505 | D:3      | Killed Grinder
  1505 | D:3      | Reached skill level 7 in Axes
  1505 | D:3      | Reached XP level 6. HP: 43/57 MP: 5/5
  1734 | D:3      | HP: 8/57 [poisoned by a kobold]
  1739 | D:3      | HP: 5/57 [poisoned by a kobold]
  1744 | D:3      | HP: 4/57 [poisoned by a kobold]
  1749 | D:3      | HP: 3/57 [poisoned by a kobold]
  1757 | D:3      | HP: 3/57 [poisoned by a kobold]
  2284 | D:2      | Noticed Natasha
  2288 | D:2      | Killed Natasha
  2444 | D:4      | Noticed Ijyb
  2455 | D:4      | Killed Ijyb
  2455 | D:4      | Reached skill level 6 in Fighting
  2692 | D:4      | Reached skill level 8 in Axes
  2879 | D:4      | You fall through a shaft for 2 floors!
  2904 | D:6      | Reached XP level 7. HP: 60/63 MP: 6/6
  2914 | D:6      | Reached *** piety under Trog
  3207 | D:6      | Found Ytzepsev's General Store.
  3241 | D:6      | Bought a scarf of cloud immunity for 98 gold pieces
  3266 | D:5      | Entered Level 5 of the Dungeon
  3290 | D:5      | Reached skill level 9 in Axes
  3309 | D:4      | Found a glowing silver altar of Zin.
  3727 | D:5      | Found a staircase to the Ecumenical Temple.
  3733 | Temple   | Entered the Ecumenical Temple
  4401 | D:4      | Reached XP level 8. HP: 65/73 MP: 7/7
  4735 | D:6      | Reached skill level 10 in Axes
  5180 | D:6      | Found Ithis's Antique Weapon Boutique.
  5199 | D:6      | Found a bloodstained altar of Trog.
  5372 | D:6      | Reached **** piety under Trog
  5388 | D:6      | Reached skill level 11 in Axes
  5411 | D:6      | Slain by an orc warrior

Skill      XL: |  1  2  3  4  5  6  7  8 |
---------------+-------------------------+-----
Axes           | 4 5 6 7 8 9 11 | 11.4
Fighting       | 4 5 6 7 8 |  8.7
Armour         | |  2.4
Dodging        | |  2.1

Action                   |  1- 3 |  4- 6 |  7- 9 || total
-------------------------+-------+-------+-------++-------
Melee: Hand axe          |    64 |    41 |       ||   105
       Headbutt          |     9 |    23 |    33 ||    65
       War axe           |       |    59 |   142 ||   201
Invok: Trog's Hand       |       |     3 |     2 ||     5
       Berserk           |       |       |     1 ||     1
  Use: Scroll            |     3 |     7 |     4 ||    14
       Potion            |       |     1 |       ||     1
  Eat: Chunk             |       |     7 |     9 ||    16
Armor: Ring mail         |    19 |     6 |       ||    25
       Chain mail        |       |    45 |       ||    45
       Leather armour    |       |     6 |    23 ||    29
Dodge: Dodged            |    45 |    51 |    77 ||   173
